 Dungeon Crawl Stone Soup version 0.28-a0-533-g9f97627e2a (webtiles) character file.

Game seed: 6912771829646868187

321 siradein the Skirmisher (level 6, -7/40 HPs)
             Began as a Gargoyle Fighter on Sept 26, 2021.
             Engulfed by a cloud of flame (8 damage)
             ... on level 4 of the Dungeon.
             The game lasted 00:06:33 (3951 turns).

siradein the Skirmisher (Gargoyle Fighter)          Turns: 3951, Time: 00:06:34

Health: -7/40      AC: 17    Str: 20    XL:     6   Next: 46%
Magic:  6/6        EV:  7    Int:  9    God:
Gold:   130        SH:  4    Dex: 10    Spells: 5/5 levels left

rFire   . . .      SeeInvis .   a - +0 flail
rCold   + . .      Faith    .   c - +0 buckler
rNeg    + . .      Spirit   .   u - +0 chain mail
rPois   ∞          Reflect  .   (no helmet)
rElec   +          Harm     .   e - +2 cloak {Will+}
rCorr   .          Rampage  .   (no gloves)
Will    +....                   (no boots)
Stlth   ..........              m - amulet of magic regeneration
HPRegen 0.13/turn               l - ring of protection from cold
MPRegen 0.35/turn               (no ring)

@: no status effects
A: sickness immunity, AC +4, negative energy resistance 1, electricity
resistance, torment resistance 1, petrification resistance
a: no special abilities


You were on level 4 of the Dungeon.
You visited 1 branch of the dungeon, and saw 4 of its levels.

You collected 130 gold pieces.

Inventory:

Hand Weapons
 a - a +0 flail (weapon)
 k - a +0 hunting sling
Missiles
 j - 111 stones (quivered)
 t - 20 sling bullets
 w - 3 poisoned darts
 x - 2 boomerangs
Armour
 c - a +0 buckler (worn)
 e - a +2 cloak of willpower (worn)
 u - a +0 chain mail (worn)
Jewellery
 l - a ring of protection from cold (left hand)
 m - an amulet of magic regeneration (around neck)
Wands
 v - a wand of polymorph (4)
Scrolls
 b - a scroll of blinking {unknown}
 i - a scroll of vulnerability {unknown}
 n - a scroll of immolation
 o - a scroll of noise {unknown}
 p - 2 scrolls of fear {unknown}
Potions
 d - 3 potions of might
 f - 2 potions of curing
 g - a potion of degeneration {unknown}
 h - a potion of resistance {unknown}
 q - 2 potions of invisibility {unknown}
 r - a potion of haste {unknown}
 s - a potion of attraction {unknown}


   Skills:
 + Level 4.8 Fighting
 + Level 3.7 Maces & Flails
 + Level 4.7 Armour
 + Level 4.7 Shields


You had 5 spell levels left.
You didn't know any spells.
Your spell library contained the following spells:

 Spells                   Type           Power      Damage    Failure   Level
 Corpse Rot               Necr/Air       N/A        N/A       99%         2
 Poisonous Vapours        Pois/Air       0%         N/A       99%         2
 Conjure Flame            Conj/Fire      0%         6-21      100%        3
 Ignite Poison            Fire/Tmut/Pois 0%         N/A       100%        3
 Sticky Flame             Conj/Fire      0%         2d3       100%        4


Dungeon Overview and Level Annotations

Branches:
Dungeon (4/15)
 Temple: D:4-7

Altars:


Innate Abilities, Weirdness & Mutations

You are immune to sickness and miasma.
Your stone body is resilient. (AC +4)
You are immune to poison.
You resist negative energy. (rN+)
You are resistant to electric shocks. (rElec)
You are resistant to unholy torment.
You are immune to petrification.


Message History

There is a stone staircase leading up here.
A scorpion comes into view.
Found a scroll labelled TYAZAUTENO.
You sock the scorpion!
The scorpion is moderately wounded.
The scorpion stings you but does no damage.
You hit the scorpion but do no damage.
The scorpion is moderately wounded.
The scorpion stings you.
The scorpion stings you but does no damage.
You hit the scorpion but do no damage.
The scorpion is moderately wounded.
The scorpion stings you but does no damage.
You sock the scorpion!
The scorpion is almost dead.
The scorpion stings you but does no damage.
You closely miss the scorpion.
The scorpion is almost dead.
The scorpion barely misses you. The scorpion closely misses you.
You barely miss the scorpion.
The scorpion is almost dead.
The scorpion stings you but does no damage.
You sock the scorpion!
You kill the scorpion!
HP restored.
You see here a scorpion corpse.
p - 2 scrolls labelled TYAZAUTENO (gained 1)
A quokka comes into view.
Found a stone staircase leading down.
As you read the scroll labelled GISMIU COEXTI, it crumbles to dust.
The creatures around you are filled with an inner flame!
It was a scroll of immolation.
The quokka bites you.
You sock the quokka!
The quokka explodes!
The fiery explosion engulfs you!!!
Ouch! That really hurt!
* * * LOW HITPOINT WARNING * * *
You are engulfed in blazing flames.
You die...

##. # .. ..
#####.# .##
.....#...#
#.####.......
#.........#
#§.# ##.# #@#
#.# #.# #.#
#.# #.# #.#
#.#
########.#


There were no monsters in sight!

Vanquished Creatures
  Sigmund (D:3)
  A scorpion (D:4)
  3 adders
  3 worms (D:3)
  2 dart slugs (D:1)
  8 orcs (D:3)
  4 bats
  5 endoplasms
  3 giant cockroaches
  4 goblins
  6 hobgoblins
  4 jackals
  5 quokkas
  5 ball pythons
  3 frilled lizards (D:2)
  9 kobolds
  A rat (D:2)
67 creatures vanquished.

Notes
Turn   | Place    | Note
-------+----------+-------------------------------------------
     0 | D:1      | siradein the Gargoyle Fighter began the quest for the Orb.
     0 | D:1      | Reached XP level 1. HP: 14/14 MP: 1/1
    67 | D:1      | Reached XP level 2. HP: 18/19 MP: 2/2
  1015 | D:1      | Reached XP level 3. HP: 12/23 MP: 3/3
  2636 | D:3      | Reached XP level 4. HP: 29/29 MP: 4/4
  3205 | D:3      | Noticed Sigmund
  3229 | D:3      | Killed Sigmund
  3230 | D:3      | Reached XP level 5. HP: 15/34 MP: 5/5
  3230 | D:3      | Reached XP level 6. HP: 17/39 MP: 6/6
  3951 | D:4      | HP: 1/40 [spore (38)]
  3951 | D:4      | Engulfed by a cloud of flame

Illustrated notes

Levels and vault maps discovered:
D:1:      minmay_arrival_four_loops, layout_basic, st_stairs_12,
          chequers_serial_rivers_large_b, minmay_pentomino_q4
D:2:      layout_loops_corners, hangedman_decor_opposing, minmay_distorted
D:3:      layout_basic, grunt_decor_cap, uniq_sigmund
D:4:      layout_basic, uniq_menkaure, uniq_grinder

Skill      XL: |  1  2  3  4 |
---------------+-------------+-----
Fighting       | 4 |  4.8
Armour         | 4 |  4.7
Shields        | 4 |  4.7
Maces & Flails | 3 |  3.7

Action                   |  1- 3 |  4- 6 || total
-------------------------+-------+-------++-------
Melee: Flail             |   128 |    94 ||   222
 Fire: Hunting sling     |       |    19 ||    19
Throw: Dart              |       |     3 ||     3
  Use: Scroll            |       |     1 ||     1
Armor: Scale mail        |    75 |     4 ||    79
       Chain mail        |       |    45 ||    45
Dodge: Dodged            |    68 |    24 ||    92
Block: Buckler           |    23 |    15 ||    38

Table legend: (Time is in decaauts)
 A = Elapsed time spent in this place.
 B = Non-inter-level travel time spent in this place.
 C = Inter-level travel time spent in this place.
 D = Time resting spent in this place.
 E = Time spent auto-exploring this place.
 F = Levels seen in this place.
 G = Mean time per level.
                   A        B        C        D        E       F      G
               +--------+--------+--------+--------+--------+-----+--------+
         Total |   4036 |   4014 |     22 |      0 |   3339 |   4 | 1009.0 |
       Dungeon |   4036 |   4014 |     22 |      0 |   3339 |   4 | 1009.0 |
               +--------+--------+--------+--------+--------+-----+--------+

Top non-repeatable levels by time:
     D:1: 1688 daAuts
     D:3: 1328 daAuts
     D:2: 961 daAuts
     D:4: 57 daAuts
